 Dungeon Crawl Stone Soup version 0.32-a0-918-g0f22ef8d61 (webtiles) character file.

Game seed: 12919819889051232209

309 porpoise the Poker (level 6, -1/48 HPs)
             Began as a Demonspawn Gladiator on Apr 11, 2024.
             Slain by Pikel
             ... wielding a +2 whip of freezing
              (3 damage)
             ... on level 4 of the Dungeon.
             The game lasted 00:07:02 (3712 turns).

porpoise the Poker (Demonspawn Gladiator)           Turns: 3712, Time: 00:07:03

Health: -1/48      AC:  9    Str: 22    XL:     6   Next: 17%
Magic:  6/6        EV: 11    Int:  8    God:
Gold:   156        SH:  0    Dex: 15    Spells: 5/5 levels left

rFire   . . .        a - +0 trident
rCold   . . .        (no shield)
rNeg    . . .        p - +0 ring mail
rPois   .            c - +0 helmet
rElec   .            (no cloak)
rCorr   .            (no gloves)
SInv    .            (no boots)
Will    .....        (no amulet)
Stlth   +            l - +6 ring of strength
HPRegen 0.28/turn    (no ring)
MPRegen 0.10/turn

%: no passive effects
@: no status effects
A: icy blue scales 2, weakness stinger 2
a: no special abilities


You were on level 4 of the Dungeon.
You visited 1 branch of the dungeon, and saw 4 of its levels.
You also visited: Sewer.

You collected 156 gold pieces.

Inventory:

Hand Weapons
 a - a +0 trident (weapon)
 b - a +0 sling
Missiles
 d - 3 throwing nets (quivered)
 e - a javelin
 s - 17 poisoned darts
Armour
 c - a +0 helmet (worn)
 g - a +0 leather armour
 p - a +0 ring mail (worn)
Jewellery
 j - a ring of ice
 l - a +6 ring of strength (left hand)
 n - an amulet of magic regeneration
Scrolls
 i - a scroll of fear
 o - 2 scrolls of vulnerability
 r - a scroll of identify {unknown}
 w - 2 scrolls of noise
 x - a scroll of torment {unknown}
 y - a scroll of silence
Potions
 f - a potion of enlightenment
 h - a potion of degeneration {unknown}
 k - 5 potions of heal wounds
 m - 2 potions of curing {unknown}
 q - 2 potions of might {unknown}
 t - a potion of invisibility {unknown}
 u - 3 potions of haste {unknown}
 v - a potion of mutation {unknown}


   Skills:
 + Level 4.0 Fighting
 * Level 5.4 Polearms
 - Level 1.7 Throwing
 - Level 2.6 Dodging


You had 5 spell levels left.
You didn't know any spells.
Your spell library contained the following spells:

 Spells                   Type           Power      Damage    Failure   Level
 Mercury Vapours          Alch/Air       0%         N/A       71%         2
 Mephitic Cloud           Conj/Alch/Air  0%         N/A       91%         3
 Freezing Cloud           Conj/Ice/Air   0%         6-21      100%        5


Dungeon Overview and Level Annotations

Branches:
Dungeon (4/15)              Sewer (visited)
 Temple: D:4-7

Altars:

Annotations:
D:4 Pikel


Innate Abilities, Weirdness & Mutations

You are mostly covered in icy blue scales. (AC +3)
You have a tail ending in a sharp stinger.


Message History

You are too injured to fight recklessly!
You are too injured to fight recklessly!
You are too injured to fight recklessly!
You are too injured to fight recklessly!
You are too injured to fight recklessly!
You are too injured to fight recklessly!
You puncture the gnoll!
You kill the gnoll!
The gnoll barely misses you. The gnoll completely misses you.
There is an open door, spattered with blood here.
Things that are here:
a +0 whip; a gnoll corpse You barely miss the gnoll.
The gnoll hits you with a +0 spear.
You barely miss the gnoll. The gnoll hits you but does no damage.
You barely miss the gnoll.
Your tail-slap misses the gnoll.
The gnoll misses you.
Pikel, Merchant of Souls comes into view.
He is wielding a +2 whip of freezing.
You closely miss the gnoll.
Pikel shouts!
You tail-slap the gnoll.
The gnoll is moderately wounded.
The gnoll hits you but does no damage.
You hit the gnoll but do no damage.
Your tail-slap misses the gnoll.
The gnoll is moderately wounded.
The gnoll barely misses you.
A lemure comes into view.
You puncture the gnoll!
You kill the gnoll!
You see here a +0 spear.
Pikel hits you with a +2 whip of freezing.
Pikel freezes you.
* * * LOW HITPOINT WARNING * * *
You closely miss Pikel. You tail-slap Pikel, but do no damage.
A lemure comes into view.
Pikel hits you with a +2 whip of freezing!
* * * LOW HITPOINT WARNING * * *
Pikel freezes you.
You die...
Pikel says, "See you in Hell!"

# ##'# .##.###..#
#..## .........# ....
.........# ..5
.###.###.# #### ..#
#.###.###..##.5## #
#..........#....# #.
#..........#K...# #..
#..........)@...#
#...#.........)#)...#
#..#######..######
######..##..####
#......†.....+
#.....†......#
#............#
#..#'#########
####.†####..#####


You could see Pikel and 2 lemures.

Vanquished Creatures
  A bombardier beetle (D:3)
  3 gnolls (D:4)
  6 adders
  9 river rats
  A ribbon worm (D:3)
  A dart slug (D:2)
  11 ball pythons
  6 endoplasms
  3 giant cockroaches
  3 goblins
  8 hobgoblins
  A jackal (D:1)
  19 kobolds
  2 quokkas
  7 bats
  11 frilled lizards
  27 rats
119 creatures vanquished.

Notes
Turn   | Place    | Note
-------+----------+-------------------------------------------
     0 | D:1      | porpoise the Demonspawn Gladiator began the quest for the
                  | Orb.
     0 | D:1      | Reached XP level 1. HP: 16/16 MP: 1/1
   202 | D:1      | Reached skill level 3 in Polearms
   226 | D:1      | Gained mutation: You are partially covered in icy blue
                  | scales. (AC +2) [demonic ancestry]
   226 | D:1      | Reached XP level 2. HP: 22/22 MP: 2/2
  1147 | D:2      | Gained mutation: You have a small tail. [demonic ancestry]
  1147 | D:2      | Reached XP level 3. HP: 28/28 MP: 3/3
  1444 | D:2      | Reached XP level 4. HP: 34/34 MP: 4/4
  1452 | D:2      | Reached skill level 4 in Polearms
  1940 | D:3      | Found a glowing drain.
  1977 | Sewer    | Entered a sewer
  2200 | Sewer    | Gained mutation: You have a tail ending in a sharp stinger.
                  | [demonic ancestry]
  2200 | Sewer    | Reached XP level 5. HP: 11/41 MP: 5/5
  2202 | Sewer    | HP: 1/41 [river rat (7)]
  2676 | Sewer    | Reached skill level 5 in Polearms
  3080 | D:3      | Gained mutation: You are mostly covered in icy blue scales.
                  | (AC +3) [demonic ancestry]
  3080 | D:3      | Reached XP level 6. HP: 48/48 MP: 6/6
  3706 | D:4      | Noticed Pikel
  3712 | D:4      | HP: 2/48 [Pikel/+2 whip of freezing (10)]
  3712 | D:4      | Slain by Pikel

Illustrated notes

Levels and vault maps discovered:
D:1:      nzn_arrival_depleted_hourglass, layout_loops_ring, serial_forest,
          infiniplex_forest_straight_2, infiniplex_forest_clump_diagonal,
          infiniplex_forest_clump_curved, infiniplex_forest_zigzag_2,
          infiniplex_forest_lined_2, infiniplex_forest_lined_3,
          infiniplex_forest_clump_large, minmay_box_of_dots
D:2:      layout_rooms, basic_altar, chequers_serial_rivers_small_a,
          minmay_nonomino_d4
D:3:      layout_loops_ring, portal_sewer_entry_e, minmay_fountain_box,
          reono_crystal_passage, st_stairs_14, uniq_jessica
D:4:      layout_gridville, uniq_duvessa, uniq_pikel

Skill      XL: |  1  2  3  4  5  6 |
---------------+-------------------+-----
Polearms       | 3 4 5 |  5.4
Fighting       | 3 4 |  4.0
Throwing       | |  1.7
Dodging        | |  2.6

Action                     |  1- 3 |  4- 6 || total
---------------------------+-------+-------++-------
  Melee: Trident           |   117 |   228 ||   345
         Tailslap          |     2 |    22 ||    24
    Use: Scroll            |       |     5 ||     5
         Potion            |       |     2 ||     2
   Stab: Sleeping          |     3 |       ||     3
 Armour: Leather armour    |    73 |    44 ||   117
         Ring mail         |       |    76 ||    76
  Dodge: Dodged            |    67 |   115 ||   182

Table legend: (Time is in decaauts)
 A = Elapsed time spent in this place.
 B = Non-inter-level travel time spent in this place.
 C = Inter-level travel time spent in this place.
 D = Time resting spent in this place.
 E = Time spent auto-exploring this place.
 F = Levels seen in this place.
 G = Mean time per level.
                   A        B        C        D        E       F      G
               +--------+--------+--------+--------+--------+-----+--------+
         Total |   3754 |   3639 |    115 |    620 |   2189 |   5 |  750.8 |
       Dungeon |   2829 |   2714 |    115 |    395 |   1797 |   4 |  707.2 |
         Sewer |    925 |    925 |      0 |    225 |    391 |   1 |  925.0 |
               +--------+--------+--------+--------+--------+-----+--------+

Top non-repeatable levels by time:
     D:1: 1016 daAuts
     D:3: 943 daAuts
   Sewer: 925 daAuts
     D:2: 721 daAuts
     D:4: 148 daAuts
